 Dungeon Crawl Stone Soup version 0.30-b1-2-g02819fbbbe (webtiles) character file.

Game seed: 3136264539400405068

112 Anon1729 the Trooper (level 4, -1/40 HPs)
             Began as a Minotaur Monk on Aug 24, 2023.
             Slain by a worm (11 damage)
             ... on level 3 of the Dungeon.
             The game lasted 00:00:54 (1961 turns).

Anon1729 the Trooper (Minotaur Monk)                Turns: 1961, Time: 00:00:55

Health: -1/40      AC:  2    Str: 16    XL:     4   Next: 64%
Magic:  4/4        EV: 13    Int: 13    God:
Gold:   76         SH:  0    Dex: 14    Spells: 3/3 levels left

rFire   . . .        z - +1 short sword (venom)
rCold   . . .        d - orb {light}
rNeg    . . .        b - +0 robe
rPois   .            (helmet restricted)
rElec   .            (no cloak)
rCorr   +            (no gloves)
SInv    .            (no boots)
Will    .....        (no amulet)
Stlth   +            f - +6 ring of intelligence
HPRegen 0.26/turn    y - ring of resist corrosion
MPRegen 0.09/turn

%: no passive effects
@: glowing
A: horns 2, retaliatory headbutt
a: no special abilities


You were on level 3 of the Dungeon.
You visited 1 branch of the dungeon, and saw 3 of its levels.

You collected 76 gold pieces.

Inventory:

Hand Weapons
 a - a +0 short sword
 z - a +1 short sword of venom (weapon)
Missiles
 j - a throwing net (quivered)
 q - 6 atropa-tipped darts
Armour
 b - a +0 robe (worn)
 d - an orb of light (worn)
Jewellery
 f - a +6 ring of intelligence (left hand)
 y - a ring of resist corrosion (right hand)
Wands
 r - a wand of mindburst (22)
Scrolls
 e - 2 scrolls of poison {unknown}
 h - a scroll of amnesia {unknown}
 k - a scroll of fear {unknown}
 m - 2 scrolls of identify {unknown}
 o - a scroll of fog {unknown}
 s - 2 scrolls of vulnerability {unknown}
 v - a scroll of blinking {unknown}
 w - a scroll of magic mapping {unknown}
 x - a scroll of teleportation {unknown}
Potions
 c - a potion of ambrosia
 g - a potion of flight {unknown}
 i - a potion of degeneration {unknown}
 l - a potion of magic {unknown}
 n - 3 potions of curing {unknown}
 p - a potion of resistance {unknown}
 t - a potion of brilliance {unknown}
 u - 2 potions of haste {unknown}


   Skills:
 + Level 4.2 Fighting
 + Level 3.9 Short Blades
 + Level 1.9 Armour
 + Level 3.8 Dodging
 + Level 1.2 Stealth
 + Level 1.6 Invocations


You had 3 spell levels left.
You didn't know any spells.
Your spell library was empty.

Dungeon Overview and Level Annotations

Branches:
Dungeon (3/15)

Altars:


Innate Abilities, Weirdness & Mutations

You have a pair of horns on your head.
You reflexively headbutt those who attack you in melee.


Message History

The gnoll hits you but does no damage. The ball python misses you. x2
You hit the gnoll but do no damage.
The gnoll looks as sick as possible!
The gnoll is lightly wounded.
The ball python bites you. The ball python closely misses you.
The gnoll closely misses you. You furiously retaliate!
You headbutt the gnoll!
The gnoll hits you from afar with a +0 spear!
You hit the gnoll.
You kill the gnoll!
The ball python barely misses you. The ball python grabs you.
The ball python constricts you.
You hit the ball python.
You kill the ball python!
The gnoll hits you from afar with a +0 spear.
The gnoll hits you with a +0 spear.
Things that are here:
a +0 flail; a gnoll corpse You are too injured to fight recklessly!
You hit the gnoll but do no damage. The gnoll hits you with a +0 spear.
* * * LOW HITPOINT WARNING * * *
You hit the gnoll but do no damage.
The gnoll is poisoned.
The gnoll barely misses you.
You hit the gnoll.
The gnoll is severely wounded.
The gnoll hits you with a +0 spear.
* * * LOW HITPOINT WARNING * * *
You hit the gnoll.
You kill the gnoll!
A worm is nearby!
A worm is nearby!
You are too injured to fight recklessly!
You hit the worm. You headbutt the worm.
The worm is moderately wounded.
The worm bites you.
* * * LOW HITPOINT WARNING * * *
You hit the worm.
The worm is poisoned.
The worm is moderately wounded.
You hit the worm.
The worm looks as sick as possible!
The worm is severely wounded.
The worm bites you!
You die...

####### ###########
##.....##
#.........###.......##
#....................###
#.<.....................
#.........†..........###
######.@.............###
#..w...............
#..................
#..................
######.............
#.......^.....
#.............
##............
##...........


You could see a worm (extremely poisoned).

Vanquished Creatures
  3 gnolls (D:3)
  2 adders (D:3)
  2 worms
  10 ball pythons
  5 bats
  6 endoplasms
  2 giant cockroaches
  4 goblins
  5 hobgoblins
  5 jackals
  A quokka (D:3)
  5 frilled lizards
  3 kobolds
  5 rats (D:1)
58 creatures vanquished.

Notes
Turn   | Place    | Note
-------+----------+-------------------------------------------
     0 | D:1      | Anon1729 the Minotaur Monk began the quest for the Orb.
     0 | D:1      | Reached XP level 1. HP: 19/19 MP: 0/0
   102 | D:1      | Reached XP level 2. HP: 17/27 MP: 1/1
   299 | D:1      | Reached skill level 1 in Armour
   462 | D:1      | Reached XP level 3. HP: 27/33 MP: 2/2
   888 | D:2      | Reached skill level 1 in Invocations
  1002 | D:2      | Reached skill level 4 in Fighting
  1820 | D:3      | Reached skill level 1 in Stealth
  1825 | D:3      | Reached XP level 4. HP: 37/40 MP: 2/4
  1961 | D:3      | Slain by a worm

Illustrated notes

Levels and vault maps discovered:
D:1:      elethiomel_arrival_diamonds, layout_basic
D:2:      layout_loops_corners
D:3:      layout_rooms

Skill      XL: |  1  2  3 |
---------------+----------+-----
Armour         | 1 |  1.9
Invocations    | 1 |  1.6
Fighting       | 4 |  4.2
Stealth        | 1 |  1.2
Short Blades   | |  3.9
Dodging        | |  3.8

Action                     |  1- 3 |  4- 6 || total
---------------------------+-------+-------++-------
  Melee: Short sword       |   107 |    21 ||   128
         Headbutt          |    25 |     5 ||    30
 Armour: Robe              |    11 |     1 ||    12
  Dodge: Dodged            |    66 |    15 ||    81
